 Dungeon Sprint DCSS version 0.21.1-1-g345015f (webtiles) character file.

1974 Fang the Fighter (level 9, -4/65 HPs)
             Began as a Gargoyle Berserker on June 27, 2018.
             Was a High Priest of Trog.
             Slain by a vampire knight
             ... wielding a +1 great mace
              (21 damage)
             ... in the Dungeon (Sprint VII: "The Pits").
             The game lasted 00:04:29 (1241 turns).

Fang the Fighter (Gargoyle Berserker)               Turns: 1241, Time: 00:04:29

Health: -4/65      AC: 23    Str: 27    XL:     9   Next: 20%
Magic:  9/9        EV: 11    Int:  8    God:    Trog [*****.]
Gold:   0          SH:  0    Dex:  9    Spells: 8/8 levels left

rFire    . . .     SeeInvis .   t - +2 war axe (freeze)
rCold    . . .     Gourm    .   (no shield)
rNeg     + . .     Faith    .   m - +4 chain mail
rPois    ∞         Spirit   .   (no helmet)
rElec    +         Reflect  .   (no cloak)
rCorr    .         Harm     .   (no gloves)
MR       .....     NoTele   +   (no boots)
Stlth    ..........             (no amulet)
HPRegen  0.20/turn              o - +3 ring of protection
MPRegen  0.11/turn              q - +3 ring of strength

@: berserk cooldown
A: negative energy resistance 1, electricity resistance, unbreathing,
petrification resistance, rot immunity, AC +6
a: Berserk, Trog's Hand, Brothers in Arms, Burn Spellbooks, Renounce Religion


You were in the Dungeon.
You worshipped Trog.
Trog was extremely pleased with you.
You were near starving.

You visited 1 branch

Inventory:

Hand Weapons
 j - a +2 hand axe
 t - a +2 war axe of freezing (weapon)
Armour
 m - a +4 chain mail (worn)
Jewellery
 o - a +3 ring of protection (left hand)
 q - a +3 ring of strength (right hand)
Scrolls
 i - a scroll of blinking
 k - 3 scrolls of remove curse
 l - a scroll of summoning
Potions
 a - 2 potions of invisibility
 d - 8 potions of curing
 e - 10 potions of heal wounds
 f - 2 potions of haste
 g - 4 potions of magic
 h - 3 potions of berserk rage
 p - a potion of agility
 r - a potion of resistance
 s - a potion of might
Comestibles
 c - 9 rations


   Skills:
 + Level 12.1 Fighting
 + Level 11.9 Axes
 + Level 6.0 Armour
 + Level 7.6 Dodging
 + Level 5.9 Stealth


You had 8 spell levels left.
You didn't know any spells.

Dungeon Overview and Level Annotations

Branches:
Dungeon (1/1)

Altars:
Cheibriados
Dithmenos
Elyvilon
Fedhas
Gozag
Hepliaklqana
Makhleb
Nemelex Xobeh
Okawaru
Qazlal
Ru
Sif Muna
Trog
Vehumet
Wu Jian
Xom
Yredelemnul
Zin
The Shining One
Beogh
Jiyva
Lugonu


Innate Abilities, Weirdness & Mutations

You are resistant to torment.
Your stone body is resilient. (AC +6)
You are immune to poison.
You resist negative energy. (rN+)
You are resistant to electric shocks. (rElec)
You can survive without breathing.
You are immune to petrification.
You are immune to rotting.


Message History

You hit something but do no damage. You closely miss the redback.
The redback closely misses you.
You hear some strange, mumbled words.
You shrug off the repeated paralysis!
You miss the redback. You slash something! You freeze something.
The redback bites you but does no damage.
Something hits you!!
* * * LOW HITPOINT WARNING * * *
Something bites you.
* * * LOW HITPOINT WARNING * * *
You are too injured to fight recklessly!
You are too injured to fight recklessly!
Unknown command.
Your deep troll goes berserk!
You are near starving!
The redback bites you but does no damage.
The redback barely misses you.
Your chain mail prevents you from hitting something.
You completely miss the redback. Something hits you!!
You die...

##### ___.# ___.#
_...###########++######
###'##................#
))'.##......#..#......#
###.##................+
.....'............T...+
'#####......#..#@.....#
.#..##..........{s....#
.#))#####'#####''######
##.)##.......##''#######
.#))##.......##..†...{..
.#[[##.......##......'..
##'###...<...##.....##..
....##.......##...###
....##.......##..##


You could see a redback and a friendly deep troll (berserk).

Vanquished Creatures
  A death yak (D)
  A gargoyle (D)
  A rime drake (D)
  A tarantella (D)
  A fire elemental (D)
  An ice beast (D)
  2 centaurs (D)
  A wolf (D)
  A scorpion (D)
  A jelly (D)
  An iron imp (D)
  2 iguanas (D)
  An ufetubus (D)
  An ooze (D)
  4 leopard geckos (D)
  A bat skeleton (D)
  A giant cockroach (D)
  A goblin (D)
  A quokka (D)
  A rat (D)
25 creatures vanquished.

Notes
Turn   | Place    | Note
-------+----------+-------------------------------------------
     0 | D        | Fang the Gargoyle Berserker began the quest for the Orb.
     0 | D        | Reached XP level 1. HP: 14/14 MP: 1/1
    34 | D        | Found a bloodstained altar of Trog.
    34 | D        | Found a deep blue altar of Sif Muna.
    34 | D        | Found a viscous altar of Jiyva.
    34 | D        | Found a hazy altar of Hepliaklqana.
    34 | D        | Found an opulent altar of Gozag.
    35 | D        | Found a glowing golden altar of the Shining One.
    35 | D        | Found a glowing silver altar of Zin.
    35 | D        | Found a basalt altar of Yredelemnul.
    35 | D        | Found a shimmering altar of Xom.
    35 | D        | Found an ornate altar of the Wu Jian Council.
    35 | D        | Found a sacrificial altar of Ru.
    35 | D        | Found a stormy altar of Qazlal.
    35 | D        | Found an iron altar of Okawaru.
    35 | D        | Found a sparkling altar of Nemelex Xobeh.
    35 | D        | Found a burning altar of Makhleb.
    35 | D        | Found a blossoming altar of Fedhas.
    35 | D        | Found a white marble altar of Elyvilon.
    35 | D        | Found a shadowy altar of Dithmenos.
    35 | D        | Found a snail-covered altar of Cheibriados.
    38 | D        | Found a corrupted altar of Lugonu.
    38 | D        | Found a radiant altar of Vehumet.
    38 | D        | Found a roughly hewn altar of Beogh.
    80 | D        | Reached ** piety under Trog
    80 | D        | Reached skill level 4 in Fighting
    80 | D        | Reached XP level 2. HP: 17/20 MP: 2/2
   160 | D        | Noticed an ice beast
   164 | D        | Reached *** piety under Trog
   170 | D        | Killed an ice beast
   170 | D        | Reached skill level 6 in Fighting
   170 | D        | Reached skill level 5 in Axes
   170 | D        | Reached skill level 1 in Stealth
   170 | D        | Reached XP level 3. HP: 19/28 MP: 3/3
   170 | D        | Reached XP level 4. HP: 22/32 MP: 4/4
   484 | D        | Noticed a centaur
   486 | D        | Noticed a centaur
   488 | D        | Killed a centaur
   488 | D        | Reached skill level 8 in Fighting
   488 | D        | Reached XP level 5. HP: 39/39 MP: 5/5
   489 | D        | Reached **** piety under Trog
   494 | D        | Killed a centaur
   494 | D        | Reached XP level 6. HP: 41/45 MP: 6/6
   495 | D        | Reached skill level 9 in Fighting
   496 | D        | Reached ***** piety under Trog
   496 | D        | Reached skill level 5 in Dodging
   746 | D        | Noticed a gargoyle
   751 | D        | Killed a gargoyle
   751 | D        | Reached skill level 10 in Fighting
   751 | D        | Reached skill level 5 in Armour
   751 | D        | Reached XP level 7. HP: 53/53 MP: 7/7
   894 | D        | Noticed a fire elemental
   894 | D        | Noticed a rime drake
   902 | D        | Killed a fire elemental
   902 | D        | Reached skill level 10 in Axes
   902 | D        | Reached XP level 8. HP: 51/59 MP: 8/8
   908 | D        | Killed a rime drake
   908 | D        | Reached skill level 11 in Fighting
  1201 | D        | Noticed a death yak
  1201 | D        | Noticed a tarantella
  1206 | D        | Killed a tarantella
  1206 | D        | Reached skill level 5 in Stealth
  1209 | D        | Killed a death yak
  1209 | D        | Reached skill level 12 in Fighting
  1209 | D        | Reached XP level 9. HP: 65/65 MP: 9/9
  1226 | D        | Noticed a vampire knight
  1231 | D        | Paralysed by something for 6 turns
  1241 | D        | Slain by a vampire knight

Skill      XL: |  1  2  3  4  5  6  7  8 |
---------------+-------------------------+-----
Axes           | 3 5 6 7 9 10 11 | 11.9
Fighting       | 4 6 8 10 12 | 12.1
Dodging        | 2 3 4 6 7 |  7.6
Armour         | 3 4 5 6 |  6.0
Stealth        | 1 2 3 4 5 |  5.9

Action                   |  1- 3 |  4- 6 |  7- 9 || total
-------------------------+-------+-------+-------++-------
Melee: Hand axe          |    16 |    19 |    20 ||    55
       War axe           |       |       |     9 ||     9
Invok: Berserk           |     1 |     2 |     3 ||     6
       Brothers in Arms  |       |       |     1 ||     1
 Stab: Sleeping          |     1 |     1 |       ||     2
  Eat: Chunk             |       |     1 |     4 ||     5
Armor: Animal skin       |    14 |     1 |     3 ||    18
       Chain mail        |       |       |     6 ||     6
Dodge: Dodged            |    20 |    10 |    15 ||    45
